 Seeded DCSS version 0.32-a0-938-g40ac7a0f4d (webtiles) character file.

Game seed: 4279452743693619285 (custom seed)

233410 bronco the Fencer (level 18, -1/148 HPs)
             Began as a Minotaur Artificer on Apr 15, 2024.
             Was an Elder of Okawaru.
             Slain by a lich (7 damage)
             ... on level 4 of the Abyss.
             The game lasted 02:11:13 (40189 turns).

bronco the Fencer (Minotaur Artificer)             Turns: 40189, Time: 02:11:13

Health: -1/148     AC: 25    Str: 30    XL:     18   Next: 85%
Magic:  22/24      EV: 26    Int: 11    God:    Okawaru [****..]
Gold:   979        SH:  0    Dex: 27    Spells: 13/23 levels left

rFire   + . .        b - +7 battleaxe of Viromuts {venom, +Blink rElec rF+ Stlth+}
rCold   + . .        (shield currently unavailable)
rNeg    . . .        L - +5 ring mail
rPois   +            z - +2 hat of Weirdness {rC+ Str+4}
rElec   +            v - +2 cloak {rPois}
rCorr   .            g - +2 pair of gloves
SInv    .            W - +2 pair of boots {Fly}
Will    +....        F - amulet "Peupynetz" {Acrobat rElec rPois Int+3}
Stlth   ++++         n - ring of the Iron Devil {Str+6 Dex+5}
HPRegen 0.00/turn    X - +6 ring of dexterity
MPRegen 0.19/turn

%: acrobat
@: heroic, sick, flying, slowed, studying Armour, very slow
A: horns 2, retaliatory headbutt
}: 1/15 runes: decaying
a: Renounce Religion, Evoke Blink, Heroism, Finesse


You were on level 4 of the Abyss.
You worshipped Okawaru.
Okawaru was greatly pleased with you.
You visited 6 branches of the dungeon, and saw 30 of its levels.
You visited the Abyss 1 time.
You also visited: Sewer, Ossuary and Gauntlet.

You collected 3606 gold pieces.
You spent 2627 gold pieces at shops.

Inventory:

Hand Weapons
 a - a +2 longbow of flaming
 b - the +7 battleaxe of Viromuts (weapon) {venom, +Blink rElec rF+ Stlth+}
   (You found it on level 13 of the Dungeon)

   rF+:       It protects you from fire.
   rElec:     It insulates you from electricity.
   +Blink:    It lets you blink.
   Stlth+:    It makes you more stealthy.
 m - the +12 battleaxe of Execution {heavy, ^Contam rF+++}
   (You found it on level 3 of the Spider Nest)

   rF+++:     It renders you almost immune to fire.
   ^Contam:   It causes magical contamination when unequipped.
 J - a +0 vampiric triple sword
Missiles
 h - 18 javelins
 j - a throwing net
 l - 10 silver javelins
 s - 11 curare-tipped darts
 y - 30 boomerangs (quivered)
 K - 2 datura-tipped darts
 R - 4 darts of dispersal
Armour
 g - a +2 pair of gloves (worn)
 v - a +2 cloak of poison resistance (worn)
 z - the +2 hat of Weirdness (worn) {rC+ Str+4}
   (You found it in a Gauntlet)

   Str+4:     It affects your strength (+4).
   rC+:       It protects you from cold.
 L - a +5 ring mail (worn)
 W - a +2 pair of boots of flying (worn)
 Z - a +0 leather armour of cold resistance
Jewellery
 d - an amulet of reflection
 n - the ring of the Iron Devil (left hand) {Str+6 Dex+5}
   (You bought it in a shop on level 11 of the Dungeon)

   [ring of strength]

   Str+6:     It affects your strength (+6).
   Dex+5:     It affects your dexterity (+5).
 E - a +6 ring of dexterity
 F - the amulet "Peupynetz" (around neck) {Acrobat rElec rPois Int+3}
   (You bought it in a shop on level 11 of the Dungeon)

   [amulet of the acrobat]

   Acrobat:   It increases your evasion while moving and waiting.
   Int+3:     It affects your intelligence (+3).
   rElec:     It insulates you from electricity.
   rPois:     It protects you from poison.
 O - an amulet of regeneration
 X - a +6 ring of dexterity (right hand)
Wands
 c - a wand of flame (3)
 f - a wand of polymorph (9)
 r - a wand of paralysis (24)
 A - a wand of digging (6)
 H - a wand of mindburst (37)
 U - a wand of iceblast (6)
Scrolls
 t - a scroll of fog
 u - a scroll of brand weapon
 C - 3 scrolls of poison
 D - a scroll of silence
 I - 5 scrolls of immolation
 Q - 2 scrolls of amnesia
 Y - 13 scrolls of identify
Potions
 e - 5 potions of magic
 k - a potion of curing
 o - 8 potions of mutation
 w - 5 potions of brilliance
 x - 3 potions of might
 B - 3 potions of enlightenment
 G - 10 potions of ambrosia
 N - 5 potions of cancellation
 P - 3 potions of attraction
 T - 2 potions of berserk rage
Miscellaneous
 i - a tin of tremorstones (2/2)
 q - a lightning rod (4/4)


   Skills:
 - Level 10.2(15.2) Fighting
 - Level 20.0(25.0) Long Blades
 - Level 9.2(14.2) Axes
 - Level 18.0(23.0) Ranged Weapons
 - Level 9.0(14.0) Throwing
 - Level 7.9(12.9) Armour
 - Level 11.9(16.9) Dodging
 - Level 0.7(5.7) Stealth
 - Level 3.2 Spellcasting
 + Level 8.9 Hexes
 - Level 10.4 Invocations
 - Level 5.7 Evocations


You had 13 spell levels left.
You knew the following spells:

 Your Spells              Type           Power      Damage    Failure   Level
a - Confusing Touch       Hex            21%        N/A       2%          3
b - Cause Fear            Hex            10%        N/A       9%          4
c - Dazzling Flash        Conj/Hex       22%        N/A       16%         3

Your spell library contained the following spells:

 Spells                   Type           Power      Damage    Failure   Level
 Freeze                   Ice            4%         1d3       32%         1
 Kiss of Death            Conj/Necr      4%         2d5       32%         1
 Blink                    Tloc           2%         N/A       45%         2
 Lesser Beckoning         Tloc           2%         N/A       45%         2
 Mercury Vapours          Alch/Air       2%         N/A       45%         2
 Momentum Strike          Conj/Tloc      2%         3d8       45%         2
 Scorch                   Fire           2%         2d5       45%         2
 Anguish                  Hex/Necr       5%         N/A       45%         4
 Dimensional Bullseye     Hex/Tloc       5%         N/A       45%         4
 Frozen Ramparts          Ice            2%         1d1       69%         3
 Fugue of the Fallen      Necr           1%         N/A       69%         3
 Hailstorm                Conj/Ice       1%         3d5       69%         3
 Mephitic Cloud           Conj/Alch/Air  1%         N/A       69%         3
 Ozocubu's Armour         Ice            1%         N/A       69%         3
 Volatile Blastmotes      Fire/Tloc      2%         2d10      69%         3
 Dispel Undead            Necr           1%         3d6       97%         4
 Flame Wave               Conj/Fire      1%         2d4       97%         4
 Fulminant Prism          Conj/Alch      0%         3d5       97%         4
 Ignite Poison            Fire/Alch      1%         N/A       97%         4
 Iskenderun's Mystic Bla Conj/Tloc 1%             2d3        (+2d1     97%         4
 Leda's Liquefaction      Alch/Erth      0%         N/A       97%         4
 Sticky Flame             Fire/Alch      1%         2d4       97%         4
 Freezing Cloud           Conj/Ice/Air   0%         6-21      100%        5
 Iskenderun's Battlesphe  Conj           1%         2d6       100%        5
 Lee's Rapid Deconstruct  Erth           0%         3d4*      100%        5
 Bombard                  Conj/Erth      0%         9d1       100%        6
 Permafrost Eruption      Ice/Erth       0%         2x4d1     100%        6
 Starburst                Conj/Fire      0%         6d3       100%        6
 Enfeeble                 Hex            10%        N/A       100%        7
 Manifold Assault         Tloc           0%         N/A       100%        7
 Ignition                 Fire           0%         3d3       100%        8
 Maxwell's Capacitive Co  Air            0%         ∞         100%        8
 Tukima's Dance           Hex            Unusable   N/A       N/A         3
 Summon Cactus Giant      Summ           Unusable   N/A       N/A         6
 Spellforged Servitor     Conj/Summ      Unusable   N/A       N/A         7

Dungeon Overview and Level Annotations

Branches:
Dungeon (15/15)            Temple (1/1) D:6            Lair (5/5) D:8
  Swamp (4/4) Lair:2       Spider (3/4) Lair:2        Slime (0/5) Lair:5
    Orc (2/2) D:11            Elf (0/3) Orc:2        Vaults (0/5) D:13
 Depths (0/4) D:15          Sewer (visited)         Ossuary (visited)
Gauntlet (visited)

Altars:
Ashenzari
Cheibriados
Dithmenos
Elyvilon
Fedhas
Gozag
Hepliaklqana
Kikubaaqudgha
Makhleb
Nemelex Xobeh
Okawaru
Qazlal
Ru
Sif Muna
Trog
Uskayaw
Vehumet
Wu Jian
Xom
Yredelemnul
Zin
The Shining One
Beogh
Jiyva

Shops:
D:2 (!*[   D:11 =   Orc:2 :(=[*

Annotations:
D:14 2 transporters, Gonkerye's ghost, journeyman DgHu
Spider:3 Louise


Innate Abilities, Weirdness & Mutations

You have a pair of horns on your head.
You reflexively headbutt those who attack you in melee.


Message History

You hit something but do no damage. Something misses you.
Something closely misses you. Something touches you!
You closely miss something. You headbutt something. Something touches you.
Tentacles burst from the starspawn's body!
Something touches you but does no damage.
A sun demon comes into view.
Something touches you but does no damage. 2 starspawn tentacles come into view.
The sun demon shouts!
You slash something!
You hit the starspawn tentacle but do no damage.
You hear some strange, mumbled words.
A bolt of cold appears from out of thin air!
The bolt of cold misses you.
Something conjures a glowing orb.
The wavering orb of destruction weakly hits the starspawn tentacle!!
The starspawn tentacle is blown up!
Unknown command.
Okay, then.
Okay, then.
Okay, then.
You gain the combat prowess of a mighty hero.
Something touches you but does no damage. x2
The starspawn tentacle grabs you. The starspawn tentacle constricts you.
Something touches you.
You slash something!
You barely miss the tentacled starspawn.
You slice the starspawn tentacle!!
You destroy the starspawn tentacle!
The tentacled starspawn bites you!
The tentacled starspawn tentacle-slaps you but does no damage.
Something conjures a glowing orb.
The wavering orb of destruction weakly hits you!
* * * LOW HITPOINT WARNING * * *
The tentacled starspawn bites you!
* * * LOW HITPOINT WARNING * * *
The tentacled starspawn tentacle-slaps you!
* * * LOW HITPOINT WARNING * * *
Something touches you!
You die...

##. .##.# . ..
....### .. #.
#..#...§ #.. #.#
....... ..#.#..
...#...
.#.....#....# .
........{.#.##..
#.#.#@X.#....
#.............
~~.##.##)..~..#
~○~≈≈~ ..#..#.
~~~~≈~X~.## ...
~≈~~≈## .# #..
≈~~≈ #~..# #..#
.....# .# .#...


You could see a tentacled starspawn.

Vanquished Creatures
  Nikola (Spider:1)
  Arachne (Spider:2)
  A tentacled monstrosity (Swamp:1)
  Kirke (D:12)
  Aizul (Spider:2)
  2 emperor scorpions
  An orc warlord (Orc:2)
  3 ghost moths (Spider:2)
  2 broodmothers (Spider:2)
  3 spark wasps
  3 eleionomae
  3 bunyips (Swamp:1)
  2 dire elephants (Swamp:1)
  A minotaur (Gauntlet)
  Snorg (D:12)
  Azrael (D:15)
  An ettin (Orc:1)
  2 entropy weavers (Spider:3)
  Josephine (Lair:4)
  2 shambling mangroves
  Harold (D:11)
  A great orb of eyes (D:15)
  5 vault guards (D:13)
  13 hydras
  An ogre mage (D:13)
  4 ghost crabs
  5 catoblepae
  A jorogumo (Spider:2)
  8 alligators
  3 centaur warriors
  A radroach (Spider:2)
  A boulder beetle (D:14)
  4 two-headed ogres
  9 death yaks (Lair:5)
  A death knight (D:15)
  3 tengu warriors
  6 demonic crawlers (Spider:2)
  5 spriggans
  4 orc high priests (Orc:2)
  Nergalle (D:11)
  A sun demon (Abyss:3)
  2 skysharks
  2 deep elf knights
  A sixfirhy (Abyss:4)
  5 goliath frogs
  A deep elf archer (Swamp:1)
  5 spriggan druids
  4 bog bodies (Swamp:4)
  Lodul (D:11)
  A pharaoh ant (Arena)
  5 orb spiders
  A sun moth (Spider:3)
  5 steelbarb worms
  2 lindwurms (Lair:1)
  A phantasmal warrior (D:15)
  4 orc knights (Orc:2)
  8 starcursed masses (Abyss:4)
  7 swamp dragons
  2 obsidian bats (Orc:2)
  4 manticores
  An oklob plant (Lair:5)
  4 orc sorcerers
  2 cyclopes
  Maurice (D:12)
  14 ugly things
  7 wolf spiders
  5 will-o-the-wisps
  6 meliai
  4 black mambas
  23 elephants
  6 kobold blastminers (Orc:1)
  8 cane toads
  5 torpor snails
  Jeremiah (D:7)
  A rime drake (shapeshifter) (D:13)
  2 rime drakes
  3 gargoyles (D:13)
  An unseen horror (D:12)
  A kobold demonologist (D:12)
  2 efreet
  2 freezing wraiths
  12 komodo dragons
  A spectral skyshark (Lair:2)
  A tengu conjurer (D:10)
  An ancient zyme (Abyss:4)
  A queen bee (D:12)
  2 trolls (Orc:2)
  A bloated husk (Swamp:1)
  13 tyrant leeches
  8 tarantellas
  7 hornets
  3 polar bears
  18 jumping spiders
  29 blink frogs
  4 dream sheep (Lair:5)
  A glass eye (shapeshifter) (D:15)
  8 slime creatures
  A spectral black mamba (Lair:2)
  7 wraiths
  3 vampires
  A ynoxinul (Abyss:4)
  9 culicivoras
  2 humans (D:13)
  5 shadows
  3 hogs (D:12)
  78 yaks
  A spriggan (shapeshifter) (D:14)
  3 water elementals
  2 fire elementals (D:15)
  2 fire bats (Gauntlet)
  5 basilisks
  A warg (Orc:2)
  6 wyverns
  11 vampire mosquitoes
  A chaos spawn (Abyss:4)
  A neqoxec (Abyss:4)
  21 redbacks
  2 steam dragons
  Menkaure (D:4)
  10 swamp worms
  13 water moccasins
  An acid dragon (D:12)
  7 swamp drakes
  3 hell hounds
  A sky beast (D:7)
  35 orc warriors
  2 spectral yaks (Lair:2)
  4 laughing skulls
  11 ogres
  5 black bears
  13 centaurs
  A phantom (D:5)
  Blork the orc (D:4)
  3 gnoll sergeants
  4 weeping skulls
  13 bullfrogs
  A spectral water moccasin (Lair:2)
  A brain worm (shapeshifter) (D:13)
  3 scorpions
  5 wights (D:8)
  A burial acolyte (D:5)
  24 killer bees
  7 electric eels
  9 howler monkeys
  A bombardier beetle (D:5)
  A centaur zombie (Ossuary)
  21 orc priests
  Crazy Yiuf (D:4)
  2 hounds
  2 gnoll boudas
  An iron imp (Abyss:3)
  A human zombie (Ossuary)
  6 iguanas
  31 orc wizards
  3 hound zombies
  3 mummies (Ossuary)
  8 adders
  21 gnolls
  3 shadow imps
  3 white imps
  4 ufetubi
  2 adder zombies (D:5)
  4 ribbon worms
  An adder skeleton (D:4)
  6 dart slugs
  78 orcs
  4 endoplasms
  15 giant cockroaches
  2 gnoll zombies
  7 hobgoblins
  3 quokkas
  13 ball pythons
  5 bats
  10 frilled lizards
  7 goblins
  8 kobolds
  8 kobold zombies
  16 rats
  A starspawn tentacle (Abyss:4)
1027 creatures vanquished.

Vanquished Creatures (collateral kills)
  A fenstrider witch (Swamp:4)
  2 hydras (Swamp:4)
  5 swamp dragons (Swamp:4)
  A swamp drake (Swamp:4)
9 creatures vanquished.

Vanquished Creatures (others)
  A hydra (Swamp:4)
  A demonic crawler (Spider:1)
  A redback (Spider:1)
  An orc (Orc:1)
  31 foxfires
  A starspawn tentacle (Abyss:4)
36 creatures vanquished.

Grand Total: 1072 creatures vanquished

Notes
Turn   | Place    | Note
-------+----------+-------------------------------------------
     0 | D:1      | bronco the Minotaur Artificer began the quest for the Orb.
     0 | D:1      | Reached XP level 1. HP: 16/16 MP: 0/0
   194 | D:1      | Reached XP level 2. HP: 25/25 MP: 1/1
   863 | D:1      | Reached XP level 3. HP: 33/33 MP: 2/2
  1032 | D:2      | You fall into a shaft and drop 1 floor!
  1033 | D:3      | Found a hide-covered altar of Uskayaw.
  1196 | D:2      | Found Mututhirgh's Assorted Antiques.
  1404 | D:2      | Found Zoog's Armour Shoppe.
  1535 | D:2      | Found Offeetogg's Distillery.
  1617 | D:2      | Found a faded altar of an unknown god.
  1749 | D:2      | Reached XP level 4. HP: 41/41 MP: 3/3
  1751 | D:2      | Found Exkaeto's Weapon Boutique.
  2025 | D:3      | Reached skill level 5 in Fighting
  2788 | D:4      | Noticed Menkaure
  2790 | D:4      | Reached skill level 1 in Ranged Weapons
  2791 | D:4      | Killed Menkaure
  2792 | D:4      | Reached XP level 5. HP: 48/48 MP: 4/4
  2850 | D:4      | Reached XP level 6. HP: 56/56 MP: 5/5
  2870 | D:4      | Found a sand-covered staircase.
  2908 | Ossuary  | Entered an ossuary
  3084 | Ossuary  | Reached skill level 5 in Ranged Weapons
  3360 | Ossuary  | Reached XP level 7. HP: 48/61 MP: 6/6
  3729 | D:4      | Noticed Blork the orc
  3742 | D:4      | Killed Blork the orc
  4119 | D:4      | Found a runed translucent door.
  4120 | D:4      | Noticed Crazy Yiuf
  4275 | D:4      | Found a sacrificial altar of Ru.
  4278 | D:4      | Found a glowing silver altar of Zin.
  4280 | D:4      | Found a shimmering altar of Xom.
  4555 | D:5      | Entered Level 5 of the Dungeon
  4692 | D:5      | Reached XP level 8. HP: 37/69 MP: 7/7
  4706 | D:5      | Found a glowing drain.
  4755 | Sewer    | Entered a sewer
  5736 | D:5      | Reached skill level 10 in Ranged Weapons
  5847 | D:5      | Found an ancient bone altar of Kikubaaqudgha.
  6107 | D:5      | Found a blossoming altar of Fedhas.
  6107 | D:5      | Found a stormy altar of Qazlal.
  6107 | D:5      | Found a radiant altar of Vehumet.
  7036 | D:6      | Reached XP level 9. HP: 40/74 MP: 8/8
  7176 | D:6      | Found a staircase to the Ecumenical Temple.
  7185 | Temple   | Entered the Ecumenical Temple
  7198 | Temple   | Became a worshipper of Warmaster Okawaru
  7368 | D:6      | Found an ornate altar of the Wu Jian Council.
  8380 | D:7      | Noticed Jeremiah
  8387 | D:7      | Killed Jeremiah
  8387 | D:7      | Reached * piety under Okawaru
  8762 | D:8      | Found a staircase to the Lair.
  8771 | D:8      | Noticed an elephant
  9086 | D:8      | Killed an elephant
  9086 | D:8      | Reached ** piety under Okawaru
  9087 | D:8      | Reached skill level 5 in Dodging
  9281 | D:8      | Reached XP level 10. HP: 81/81 MP: 9/9
 10387 | D:9      | Found a transporter.
 10698 | D:10     | Entered Level 10 of the Dungeon
 10832 | D:10     | Noticed a tengu warrior
 10877 | D:10     | Killed a tengu warrior
 10882 | D:10     | Reached *** piety under Okawaru
 10937 | D:10     | Paralysed by a vampire for 4 turns
 10948 | D:10     | Reached skill level 10 in Dodging
 11133 | D:10     | Noticed a two-headed ogre
 11148 | D:10     | Killed a two-headed ogre
 11623 | D:11     | Reached skill level 1 in Long Blades
 11730 | D:11     | Found a gate leading to a gauntlet.
 11747 | D:11     | Reached skill level 2 in Long Blades
 11762 | Gauntlet | Entered a Gauntlet
 11762 | Gauntlet | Found a transporter.
 11762 | Gauntlet | Found a transporter.
 11768 | Gauntlet | Noticed a fire crab
 11774 | Gauntlet | Found a transporter.
 11775 | Gauntlet | Found a transporter.
 11787 | Gauntlet | Found a transporter.
 11791 | Gauntlet | Found a transporter.
 11795 | Gauntlet | Found a runed translucent door.
 11795 | Gauntlet | Found a runed translucent door.
 11799 | Gauntlet | Noticed an elephant
 11803 | Gauntlet | Found a transporter.
 11803 | Gauntlet | Noticed a dire elephant
 11803 | Gauntlet | Noticed an elephant
 11803 | Gauntlet | Noticed an elephant
 11819 | Gauntlet | Found a transporter.
 11833 | Gauntlet | Found a transporter.
 11837 | Gauntlet | Found a transporter.
 11848 | Gauntlet | Found a transporter.
 11849 | Gauntlet | Found a transporter.
 11850 | Gauntlet | Noticed a worldbinder
 11911 | Gauntlet | Reached **** piety under Okawaru
 11912 | Gauntlet | Reached skill level 3 in Long Blades
 12089 | Gauntlet | Reached XP level 11. HP: 71/88 MP: 10/10
 12237 | Gauntlet | Identified the +2 hat of Weirdness {rC+ Str+4}
 12305 | Gauntlet | Reached skill level 4 in Long Blades
 12416 | Gauntlet | Identified the +3 orcbow of the Messenger {heavy, rPois rN+
                  | Str+3}
 12416 | Gauntlet | Noticed a minotaur
 12433 | Gauntlet | Killed a minotaur
 12434 | Gauntlet | Reached skill level 5 in Long Blades
 12548 | D:11     | Reached skill level 6 in Long Blades
 12563 | D:11     | Found Ykutwod's Jewellery Emporium.
 12576 | D:11     | Bought the ring of the Iron Devil {Str+6 Dex+5} for 642
                  | gold pieces
 12694 | D:11     | Noticed Nergalle
 12709 | D:11     | Killed Nergalle
 12883 | D:11     | Noticed Lodul
 12885 | D:11     | Noticed Harold
 13080 | D:12     | Noticed a two-headed ogre
 13080 | D:12     | Noticed Snorg
 13111 | D:12     | Killed a two-headed ogre
 13111 | D:12     | Reached ***** piety under Okawaru
 13112 | D:12     | Reached skill level 15 in Ranged Weapons
 13458 | D:12     | Noticed a soul eater
 13466 | D:12     | Noticed Kirke
 13693 | D:11     | Killed Harold
 13888 | D:11     | Found a staircase to the Orcish Mines.
 14071 | D:11     | Killed Lodul
 14333 | Lair:1   | Entered Level 1 of the Lair of Beasts
 14361 | Lair:1   | Reached skill level 1 in Invocations
 14363 | Lair:1   | Reached XP level 12. HP: 94/94 MP: 10/12
 14421 | Lair:1   | Received a gift from Okawaru
 14461 | Lair:1   | Found a runed translucent door.
 14485 | Lair:1   | Noticed a catoblepas
 14655 | Lair:1   | Reached skill level 5 in Invocations
 15157 | Lair:1   | Identified the +1 flail of Day {venom, rC+ rN+}
 15721 | Lair:2   | Received a gift from Okawaru
 15943 | Lair:2   | Reached skill level 10 in Invocations
 16006 | Lair:2   | Received a gift from Okawaru
 16011 | Lair:2   | Reached ****** piety under Okawaru
 16015 | Lair:2   | Acquired a +0 vampiric triple sword
 16015 | Lair:2   | Received a gift from Okawaru
 16279 | Lair:2   | Reached XP level 13. HP: 101/101 MP: 19/19
 16390 | Lair:2   | Reached skill level 7 in Long Blades
 16601 | Lair:2   | Found a hole to the Spider Nest.
 16623 | Lair:2   | Reached skill level 8 in Long Blades
 16963 | Lair:2   | Found a staircase to the Swamp.
 17088 | Lair:2   | Reached skill level 9 in Long Blades
 17183 | Lair:2   | Received a gift from Okawaru
 17478 | D:11     | Bought a +6 ring of dexterity for 432 gold pieces
 17653 | Lair:2   | Reached skill level 10 in Long Blades
 17898 | Lair:3   | Reached skill level 11 in Long Blades
 18514 | Lair:3   | Reached skill level 12 in Long Blades
 18616 | Lair:3   | Received a gift from Okawaru
 18967 | Lair:4   | Noticed Josephine
 18980 | Lair:4   | Killed Josephine
 18981 | Lair:4   | Reached skill level 13 in Long Blades
 19059 | Lair:4   | Identified the +1 pair of gloves of Boredom {MP+9}
 19964 | Lair:5   | Entered Level 5 of the Lair of Beasts
 19985 | Lair:5   | Reached skill level 14 in Long Blades
 20006 | Arena    | Entered the Arena
 20072 | Lair:5   | Received a gift from Okawaru
 20079 | Lair:5   | Reached XP level 14. HP: 107/107 MP: 20/20
 20176 | Lair:5   | Reached skill level 15 in Long Blades
 20343 | Lair:5   | Received a gift from Okawaru
 20462 | Lair:5   | Reached skill level 16 in Long Blades
 20946 | Lair:5   | Reached skill level 17 in Long Blades
 21134 | Lair:5   | Found a viscous altar of Jiyva.
 21134 | Lair:5   | Found a staircase to the Slime Pits.
 21145 | Lair:5   | Received a gift from Okawaru
 21642 | Lair:5   | Reached skill level 18 in Long Blades
 22045 | Orc:1    | Entered Level 1 of the Orcish Mines
 22456 | Orc:1    | Received a gift from Okawaru
 22777 | Orc:2    | Entered Level 2 of the Orcish Mines
 22874 | Orc:2    | Found Averch's Vocational Training.
 22940 | Orc:2    | Reached skill level 19 in Long Blades
 23140 | Orc:2    | Reached XP level 15. HP: 66/113 MP: 21/21
 23392 | Orc:2    | Paralysed by an orc sorcerer for 5 turns
 23433 | Orc:2    | Paralysed by an orc sorcerer for 5 turns
 23800 | Orc:2    | Found Imyduddompo's General Store.
 23801 | Orc:2    | Found Doastruih's Jewellery Emporium.
 23803 | Orc:2    | Found Hoxaokoi's Antique Armour Emporium.
 23803 | Orc:2    | Found Feggozo's Antique Weapon Shoppe.
 23831 | Orc:2    | Reached skill level 20 in Long Blades
 23977 | Orc:2    | Found a roughly hewn altar of Beogh.
 24021 | Orc:2    | Found a staircase to the Elven Halls.
 24222 | D:11     | Bought the amulet "Peupynetz" {Acrobat rElec rPois Int+3}
                  | for 654 gold pieces
 24367 | D:2      | Bought a potion of heal wounds for 50 gold pieces
 24367 | D:2      | Bought a potion of curing for 30 gold pieces
 24403 | D:2      | Bought a wand of iceblast (10) for 624 gold pieces
 24710 | D:12     | Received a gift from Okawaru
 24715 | D:12     | Reached skill level 5 in Armour
 25202 | D:12     | Noticed Maurice
 25219 | D:12     | Something stole the +3 orcbow of the Messenger {heavy,
                  | rPois rN+ Str+3}
 25224 | D:12     | Something stole an amulet of reflection
 25227 | D:12     | Killed Maurice
 25250 | D:12     | Killed Snorg
 25628 | D:13     | Received a gift from Okawaru
 25783 | D:13     | Identified the +7 battleaxe of Viromuts {venom, +Blink
                  | rElec rF+ Stlth+}
 25853 | D:13     | Found a gate to the Vaults.
 26138 | D:13     | Found a sacrificial altar of Ru.
 26618 | D:14     | Received a gift from Okawaru
 26727 | D:14     | Found a transporter.
 26730 | D:14     | Noticed a tentacled starspawn
 26732 | D:14     | Found a transporter.
 26736 | D:14     | Noticed Gonkerye's ghost (journeyman DgHu)
 27162 | D:15     | Entered Level 15 of the Dungeon
 27269 | D:15     | Reached skill level 5 in Evocations
 27270 | D:15     | Noticed Azrael
 27281 | D:15     | Killed Azrael
 27810 | D:15     | Found a staircase to the Depths.
 27932 | D:15     | Received a gift from Okawaru
 27975 | D:15     | Reached XP level 16. HP: 104/133 MP: 22/22
 28596 | D:4      | Killed Crazy Yiuf
 29173 | D:12     | Killed Kirke
 29174 | D:12     | Reached skill level 10 in Fighting
 29728 | Swamp:1  | Entered Level 1 of the Swamp
 29732 | Swamp:1  | Reached skill level 1 in Axes
 29738 | Swamp:1  | Received a gift from Okawaru
 29769 | Swamp:1  | Noticed a tentacled monstrosity
 29786 | Swamp:1  | Killed a tentacled monstrosity
 29846 | Swamp:1  | Reached skill level 5 in Axes
 30301 | Swamp:1  | Acquired the orb of the Spider Nest {*Rage, Rampage rCorr
                  | Str-3 SInv}
 30301 | Swamp:1  | Received a gift from Okawaru
 31339 | Swamp:2  | Received a gift from Okawaru
 31435 | Swamp:2  | Reached skill level 1 in Throwing
 32079 | Swamp:3  | Received a gift from Okawaru
 32080 | Swamp:3  | Reached skill level 5 in Throwing
 32439 | Swamp:4  | Entered Level 4 of the Swamp
 32541 | Arena    | Entered the Arena
 32950 | Arena    | Entered the Arena
 33000 | Swamp:4  | Received a gift from Okawaru
 33144 | Swamp:4  | Reached XP level 17. HP: 140/140 MP: 23/23
 33395 | Swamp:4  | Got a decaying rune of Zot
 33651 | Spider:1 | Entered Level 1 of the Spider Nest
 33668 | Spider:1 | You are sucked into a shaft and drop 1 floor!
 33812 | Spider:1 | Noticed Nikola
 33967 | Spider:2 | Received a gift from Okawaru
 35416 | Spider:2 | Learned a level 3 spell: Confusing Touch
 35421 | Spider:2 | Learned a level 4 spell: Cause Fear
 35578 | Spider:2 | Reached skill level 1 in Hexes
 35781 | Arena    | Entered the Arena
 36072 | Spider:1 | Killed Nikola
 36530 | Spider:2 | Identified the +1 hand axe "Ysellol" {venom, Will++ Str-2
                  | Int+2 Dex+3}
 36570 | Spider:2 | Reached skill level 5 in Hexes
 37449 | Spider:2 | Received a gift from Okawaru
 37722 | Spider:2 | Reached XP level 18. HP: 148/148 MP: 24/24
 37981 | D:2      | Bought a scroll of enchant weapon for 195 gold pieces
 38571 | Spider:3 | Identified the serpent talisman "Mapim" {rN+}
 38571 | Spider:3 | Noticed Aizul
 38571 | Spider:3 | Noticed Arachne
 38599 | Spider:2 | Killed Arachne
 38821 | Spider:2 | Learned a level 3 spell: Dazzling Flash
 38852 | Spider:2 | Killed Aizul
 39612 | Spider:3 | Identified the +12 battleaxe of Execution {heavy, ^Contam
                  | rF+++}
 39954 | Spider:3 | Noticed Louise
 39968 | Abyss:3  | Cast into level 3 of the Abyss (Louise)
 39998 | Abyss:4  | Found a corrupted altar of Lugonu.
 40131 | Abyss:4  | Noticed a lich
 40179 | Abyss:4  | Noticed a lich
 40189 | Abyss:4  | HP: 6/148 [tentacled starspawn (11)]
 40189 | Abyss:4  | Slain by a lich

Illustrated notes

Levels and vault maps discovered:
D:1:      ldierk_walled_garden, layout_loops_cross,
          chequers_serial_rivers_large_b, minmay_rat_gold_closets
D:2:      layout_rooms, serial_shops, shop, nicolae_shop_rolling_square,
          nicolae_shop_crystal, nicolae_shop_bloodbath_and_beyond,
          shapermc_ecumenical_altar_mp_vishouse
D:3:      layout_loops_ring, eat_drink_and_be_merry_uskayaw, chequers_arboretum,
          nicolae_grassy_gnolls
D:4:      layout_cave_pools, grunt_temple_overflow_diamond,
          mainiacjoe_ossuary_entry_find_the_door, corexii_checkpoint,
          uniq_crazy_yiuf_cottage, uniq_blork_the_orc, uniq_menkaure
D:5:      layout_loops_ring, minitemple,
          regret_index_kikubaaqudgha_part_by_part, cheibrodos_sewer_entry_bend
D:6:      layout_rooms, general_overflow_altar, minmay_temple_entry_grid
D:7:      layout_gridville, uniq_jeremiah
D:8:      layout_basic, david_lair_generic
D:9:      layout_rooms, nicolae_diode_basic
D:10:     layout_cave_pools
D:11:     layout_basic, orc_0_dummy, gauntlet_entry_generic, serial_shops, shop,
          minivault_4, uniq_harold, uniq_lodul, uniq_nergalle
D:12:     layout_roguey [special_room_bee], nicolae_zen_rock_garden,
          chequers_serial_rivers_micro_a, uniq_maurice, uniq_kirke, uniq_snorg
D:13:     layout_cave_pools, grunt_vaults_entry_fortified, chequers_big_river,
          hangedman_ru_absence
D:14:     layout_irregular_city, gammafunk_ghost_abyssal_escape,
          hangedman_abyss_or_decor_stagger, hex_tiny
D:15:     gammafunk_enter_depths_forms, layout_long_grid, serial_bayou_shore_a,
          uniq_azrael
Temple:   nicolae_temple_bog_church
Lair:1:   gammafunk_lair_enchanted_lake, layout_small_grid, serial_bayou_pond_e,
          nicolae_quartered_pool_little, chequers_serial_rivers_small_b,
          patterned_corridor
Lair:2:   layout_chaotic_city, nicolae_swamp_entry_spooky, dummy_spider_entry
Lair:3:   beast_lair_carwin_large_1, layout_chaotic_city,
          chequers_serial_rivers_small_b
Lair:4:   layout_layer_cave, uniq_josephine
Lair:5:   evilmike_catoblepas_cave, layout_regular_city,
          minmay_slime_entry_oklob_open, st_stairs_4,
          chequers_serial_rivers_micro_b
Swamp:1:  nicolae_swamp_ascending_descending_big, layout_basic_swamp,
          hangedman_swamp_ruin_hall, swamp_pool_1_2, hangedman_swamp_lotus,
          beargit_elvish_explorers
Swamp:2:  layout_basic_swamp, infiniplex_staircase_pool
Swamp:3:  layout_basic_swamp, evilmike_swamp_ruin_house_2, swamp_pool_4
Swamp:4:  swamp_alternative, layout_basic_swamp
Spider:1: layout_spider_delve, uniq_nikola
Spider:2: nicolae_spider_hilbert_zone_2 [nicolae_spider_hilbert_4_sides_1_open,
          nicolae_spider_hilbert_4_sides_1_open,
          nicolae_spider_hilbert_4_sides_1_open,
          nicolae_spider_hilbert_4_sides_1_open,
          nicolae_spider_hilbert_6_sides_1_open,
          nicolae_spider_hilbert_6_sides_1_open,
          nicolae_spider_hilbert_3_sides_1_open,
          nicolae_spider_hilbert_3_sides_1_open,
          nicolae_spider_hilbert_3_sides_1_open,
          nicolae_spider_hilbert_3_sides_1_open,
          nicolae_spider_hilbert_6_sides_1_open,
          nicolae_spider_hilbert_6_sides_1_open,
          nicolae_spider_hilbert_6_sides_1_open,
          nicolae_spider_hilbert_6_sides_1_open]
Spider:3: layout_cave_pods, uniq_aizul, uniq_louise, uniq_arachne
Orc:1:    layout_caves
Orc:2:    st_orc_congregation, layout_caves, basic_altar,
          nicolae_shop_vocational
Abyss:4:  base: D:13, evilmike_abyss_exit_17

Skill      XL: |  1  2  3  4  5  6  7  8  9 10 11 12 13 14 15 16 17 18 |
---------------+-------------------------------------------------------+-----
Fighting       | 2 3 4 5 9 10 | 10.2
Ranged Weapons | 3 4 6 8 11 13 16 18 | 18.0
Dodging        | 6 11 | 11.9
Long Blades    | 3 6 14 19 20 | 20.0
Invocations    | 1 10 | 10.4
Armour         | 4 7 |  7.9
Evocations     | 5 |  5.7
Axes           | 9 |  9.2
Throwing       | 8 9 |  9.0
Hexes          | 6 8 |  8.9
Spellcasting   | 3 |  3.2
Stealth        | |  0.7

Action                     |  1- 3 |  4- 6 |  7- 9 | 10-12 | 13-15 | 16-18 || total
---------------------------+-------+-------+-------+-------+-------+-------++-------
  Melee: Club              |    45 |       |       |       |       |       ||    45
         Headbutt          |     3 |    20 |    63 |    45 |   136 |   166 ||   433
         Falchion          |       |    64 |   277 |    29 |       |       ||   370
         Scimitar          |       |       |       |   156 |       |       ||   156
         Triple sword      |       |       |       |       |   516 |   208 ||   724
         Orcbow            |       |       |       |       |     1 |     3 ||     4
         Battleaxe         |       |       |       |       |       |   271 ||   271
   Fire: Sling             |   119 |   130 |   341 |    19 |       |       ||   609
         Shortbow          |       |       |       |    39 |       |       ||    39
         Orcbow            |       |       |       |   332 |   830 |   421 ||  1583
         Longbow           |       |       |       |       |       |    46 ||    46
  Throw: Dart              |       |       |     4 |     2 |       |     6 ||    12
         Javelin           |       |       |     5 |       |       |     4 ||     9
         Throwing net      |       |       |       |     4 |     1 |     2 ||     7
         Boomerang         |       |       |       |       |       |    14 ||    14
   Cast: Cause Fear        |       |       |       |       |       |     1 ||     1
 Invoke: Heroism           |       |       |       |     8 |     9 |    10 ||    27
         Finesse           |       |       |       |     1 |       |     2 ||     3
         Receive Weapon    |       |       |       |     1 |       |       ||     1
         Duel              |       |       |       |       |     1 |     3 ||     4
         Receive Armour    |       |       |       |       |       |     1 ||     1
Ability: Evoke Blink       |       |       |       |       |       |     1 ||     1
  Evoke: Wand              |       |     5 |    18 |    17 |     5 |     7 ||    52
         Tin of tremorston |       |       |       |       |     2 |       ||     2
    Use: Scroll            |       |       |    16 |    10 |    11 |    15 ||    52
         Potion            |       |       |     4 |     5 |     4 |    19 ||    32
   Stab: Sleeping          |     2 |       |       |       |       |       ||     2
         Petrified         |       |       |       |       |     3 |       ||     3
         Petrifying        |       |       |       |       |     1 |       ||     1
         Distracted        |       |       |       |       |       |     2 ||     2
 Armour: Leather armour    |    30 |       |       |       |       |       ||    30
         Ring mail         |    56 |    80 |       |   289 |   641 |   752 ||  1818
         Chain mail        |       |    51 |   406 |    12 |       |       ||   469
  Dodge: Dodged            |    64 |    82 |   191 |   387 |   999 |  1021 ||  2744

Table legend: (Time is in decaauts)
 A = Elapsed time spent in this place.
 B = Non-inter-level travel time spent in this place.
 C = Inter-level travel time spent in this place.
 D = Time resting spent in this place.
 E = Time spent auto-exploring this place.
 F = Levels seen in this place.
 G = Mean time per level.
                   A        B        C        D        E       F      G
               +--------+--------+--------+--------+--------+-----+--------+
         Total |  40676 |  36626 |   4050 |   5840 |  22460 |  39 | 1043.0 |
       Dungeon |  18178 |  15524 |   2654 |   1444 |  10361 |  15 | 1211.9 |
        Temple |     26 |      2 |     24 |      0 |      0 |   1 |   26.0 |
          Lair |   8057 |   7151 |    906 |    290 |   5434 |   5 | 1611.4 |
         Swamp |   3780 |   3561 |    219 |    439 |   2450 |   4 |  945.0 |
   Spider Nest |   5939 |   5764 |    175 |   2850 |   1958 |   3 | 1979.7 |
  Orcish Mines |   2113 |   2042 |     71 |    177 |   1325 |   2 | 1056.5 |
         Abyss |    252 |    252 |      0 |     89 |     37 |   2 |  126.0 |
         Sewer |    793 |    793 |      0 |     17 |    589 |   1 |  793.0 |
       Ossuary |    655 |    655 |      0 |    184 |    253 |   1 |  655.0 |
      Gauntlet |    771 |    771 |      0 |    321 |     52 |   1 |  771.0 |
         Arena |    105 |    105 |      0 |     27 |      0 |   4 |   26.2 |
               +--------+--------+--------+--------+--------+-----+--------+

Top non-repeatable levels by time:
Spider:2: 4258 daAuts
  Lair:2: 1941 daAuts
  Lair:1: 1932 daAuts
     D:8: 1886 daAuts
    D:12: 1880 daAuts
  Lair:5: 1850 daAuts
    D:11: 1508 daAuts
     D:5: 1434 daAuts
   Orc:2: 1354 daAuts
  Lair:4: 1259 daAuts
     D:3: 1258 daAuts
    D:15: 1252 daAuts
 Swamp:1: 1243 daAuts
  Lair:3: 1074 daAuts
     D:1: 1074 daAuts
